Unix NetHack Version 5.0.0-0 post-release - last build Jun 10 2026 00:39:30 (3ee93aec679c4c4259841fe613dc97188e26a321,branch:main).

Game began 2026-07-05 09:35:27, ended 2026-07-05 10:23:11.

DiePARTEI, neutral male human Tourist

                           -----
                           |../-#
                          #-.(.|#
                          e|$..|#
                         ##-----
             -------- ##d:
             |.......########
             |......| #
             |.......
             |......|
             --------

DiePARTEI the Sightseer     St:4 Dx:13 Co:18 In:14 Wi:9 Ch:14  Neutral
Dlvl:6  $:38 HP:0(54) Pw:23(23) AC:-3 Xp:5 T:6620  Fainted  Burdened Deaf

Latest messages:
 The iguana misses!
 The jackal bites!
 The jackal bites!
 The jackal bites!
 The iguana misses!
 You regain consciousness.
 You miss the jackal.
 The jackal misses!
 The iguana misses!
 The jackal misses!
 The iguana misses!
 You miss the jackal.
 The jackal misses!
 The iguana bites!
 You faint from lack of food.
 The jackal bites!
 The iguana bites!
 The jackal bites!
 The iguana misses!
 The jackal misses!
 The iguana bites!
 The jackal bites!
 The iguana bites!
 The jackal just misses!
 The iguana bites!
 The jackal bites!
 The jackal misses!
 The iguana misses!
 The jackal bites!
 The iguana misses!
 The jackal misses!
 The iguana misses!
 The jackal bites!
 The iguana bites!
 The jackal bites!
 The iguana bites!
 The jackal bites!
 The jackal misses!
 The jackal bites!
 The jackal misses!
 The iguana bites!
 The jackal misses!
 The iguana misses!
 The jackal bites!
 You die...
 Do you want your possessions identified? [ynq] (y) y
 Do you want to see your attributes? [ynq] (y) y
 Do you want an account of creatures vanquished? [ynaq] (y) y
 Do you want to see your conduct and achievements? [ynq] (y) y
 Do you want to see the dungeon overview? [ynq] (y) y

Inventory:
 Coins    ('$')
  $ - 38 gold pieces
 Weapons  (')')
  a - 25 +2 darts (at the ready)
  C - 5 +0 darts
  w - the rustproof +1 Giantslayer
  S - the rustproof +2 Trollsbane
 Armor    ('[')
  p - an uncursed +0 helmet (being worn)
  O - a blessed fireproof +1 cloak of invisibility (being worn)
  k - an uncursed +0 Hawaiian shirt with a flamingo motif (being worn)
  n - an uncursed +0 banded mail (being worn)
 Scrolls  ('?')
  V - an uncursed scroll of enchant armor
  U - an uncursed scroll of enchant weapon
  j - 3 uncursed scrolls of magic mapping
  N - an uncursed scroll of remove curse
 Potions  ('!')
  y - 2 uncursed potions of water
 Rings    ('=')
  d - an uncursed +4 ring of protection (on left hand)
  G - an uncursed ring of stealth (on right hand)
 Wands    ('/')
  K - a wand of create monster named empty (0:0)
  P - a wand of make invisible (0:4)
  J - a cursed wand of opening (0:5)
  f - a wand of polymorph (0:7)
  q - a wand of probing (0:5)
  Q - a wand of speed monster (0:1)
 Tools    ('(')
  m - an uncursed credit card
  H - an uncursed oil lamp
 Gems/Stones  ('*')
  F - an uncursed worthless piece of green glass
  x - an uncursed worthless piece of yellowish brown glass

DiePARTEI the Tourist's attributes:

Background:
 You were a Sightseer, a level 5 male human Tourist.
 You were neutral, on a mission for The Lady
 who was opposed by Blind Io (lawful) and Offler (chaotic).
 You were right-handed.
 You were in the Dungeons of Doom, on level 6.
 You entered the dungeon 6620 turns ago.
 You had 319 experience points, 1 more was needed to attain level 6.

Basics:
 You had 0 out of 54 hit points.
 You had all 23 energy points (spell power).
 Your armor class was -3.
 Your wallet contained 38 zorkmids.
 Autopickup was off.

Final Characteristics:
 Your strength was 4 (base:5, peak:9, limit:18/100).
 Your dexterity was 13 (limit:18).
 Your constitution was 18 (limit:18).
 Your intelligence was 14 (limit:18).
 Your wisdom was 9 (limit:18).
 Your charisma was 14 (limit:18).

Final Status:
 You were deaf.
 You were fainted due to starvation.
 You were burdened; movement was slightly slowed.
 You were bare handed.
 You had basic skill with bare handed combat.

Final Attributes:
 You were piously aligned.
 You were invisible.
 You were stealthy.
 You had a small defense bonus (+4).
 You were guarded.
 Your spell casting was impaired by metallic armor.
 You are dead.

Miscellaneous:
 You didn't encounter any bones levels.
 Total elapsed playing time was 47 minutes and 42 seconds.

Major events:
 Turn
    1: DiePARTEI the neutral male human Tourist entered the dungeon
 1255: attained the rank of Sightseer (level 3)
 2774: was bestowed with Giantslayer by The Lady
 3703: was bestowed with Trollsbane by The Lady
 6620: killed by a jackal, while fainted from lack of food

Spells:
 Name                 Level Category     Fail Retention
 healing                1   healing      100%   51%-75%

Skills:
 Fighting Skills
   bare handed combat [Basic]
   two weapon combat  [Unskilled]
   riding             [Unskilled]
 Weapon Skills
   dagger             [Unskilled]
   knife              [Unskilled]
   axe                [Unskilled]
   pick-axe           [Unskilled]
   short sword        [Unskilled]
   broadsword         [Unskilled]
   long sword         [Unskilled]
   two-handed sword   [Unskilled]
   saber              [Unskilled]
   mace               [Unskilled]
   morning star       [Unskilled]
   flail              [Unskilled]
   hammer             [Unskilled]
   quarterstaff       [Unskilled]
   polearms           [Unskilled]
   spear              [Unskilled]
   trident            [Unskilled]
   lance              [Unskilled]
   bow                [Unskilled]
   sling              [Unskilled]
   crossbow           [Unskilled]
   dart               [Basic]
   shuriken           [Unskilled]
   boomerang          [Unskilled]
   whip               [Unskilled]
   unicorn horn       [Unskilled]
 Spellcasting Skills
   divination spells  [Unskilled]
   enchantment spells [Unskilled]
   escape spells      [Unskilled]

Voluntary challenges:
 Character rerolling was not enabled.
 You never genocided any monsters.
 You never polymorphed an object.
 You used no wishes.
Achievements:
 You entered a shop.
 You attained the rank of Sightseer.

 The Dungeons of Doom: levels 1 to 6
    Level 1:
       A fountain.
    Level 2:
       A general store.
    Level 3:
       An altar to The Lady.
    Level 4:
    Level 6: <- You were here.
       Final resting place for
          you, killed by a jackal, while fainted from lack of food.


Vanquished creatures:
 an imp
  a rock piercer
  2 shriekers
 an elf zombie
  a floating eye
  3 kittens
  a homunculus
  a kobold leader
  a rabid rat
  2 giant bats
 an orc zombie
  3 dwarf zombies
  2 wererats
 an acid blob
  5 gas spores
  a hobbit
  3 manes
  a large kobold
  5 giant rats
  2 cave spiders
  4 brown molds
  a yellow mold
  a red mold
  a garter snake
  4 gnome zombies
  2 geckos
  8 jackals
  a fox
  3 kobolds
  5 goblins
  7 sewer rats
  6 grid bugs
  a bat
  5 lichens
  3 kobold zombies
  9 newts
99 creatures vanquished.

No species were genocided or became extinct.

Game over:
                       ----------
                      /          \
                     /    REST    \
                    /      IN      \
                   /     PEACE      \
                  /                  \
                  |    DiePARTEI     |
                  |      38 Au       |
                  |   killed by a    |
                  |      jackal      |
                  |                  |
                  |                  |
                  |       2026       |
                 *|     *  *  *      | *
        _________)/\\_//(\/(/\)/\//\/|_)_______

Aloha DiePARTEI the Tourist...

You died in The Dungeons of Doom on dungeon level 6 with 1596 points,
and 38 pieces of gold, after 6620 moves.
You were level 5 with a maximum of 54 hit points when you died.

